 Dungeon Crawl Stone Soup version 0.20.0-15-g7f486f2 (webtiles) character file.

400705 kuniqs the Thaumaturge (level 22, -3/132 HPs)
             Began as a Deep Elf Conjurer on June 9, 2017.
             Was a High Priest of Sif Muna.
             Slain by a spark wasp (4 damage)
             ... on level 4 of the Depths.
             The game lasted 03:48:36 (78930 turns).

kuniqs the Thaumaturge (Deep Elf Conjurer)         Turns: 78930, Time: 03:48:37

Health: -3/132     AC: 22    Str:  9    XL:     22   Next: 55%
Magic:  25/40      EV: 20    Int: 31    God:    Sif Muna [*****.]
Gold:   1692       SH: 11    Dex: 15    Spells: 1/46 levels left

rFire    + . .     SeeInvis .   X - +4 arc blade {discharge, rElec}
rCold    + + +     Gourm    .   J - +1 buckler
rNeg     . . .     Faith    .   E - +2 robe {Archmagi}
rPois    .         Spirit   .   V - +0 helmet
rElec    +         Reflect  .   u - +2 cloak of Parts Unknown {rCorr}
rCorr    +         Harm     .   H - +4 pair of gloves of Altruism {Slay+3}
MR       ++++.                  D - +0 pair of boots "Cocycigg" {*Contam *Corrode MR+++ Dex+3}
Stlth    +++++.....             (no amulet)
Regen    0.4/turn               P - ring "Wuifomos" {rF+ rC+++ MR- Str+4 Dex-3} (curse)
MPRegen  0.3/turn               g - +5 ring of protection

@: divine energy
A: large bone plates 1
}: 1/15 runes: decaying
a: Stop Divine Energy, Channel Magic, Forget Spell, Renounce Religion


You were on level 4 of the Depths.
You worshipped Sif Muna.
Sif Muna was extremely pleased with you.
You were hungry.

You visited 8 branches of the dungeon, and saw 36 of its levels.
You visited 1 bazaar.
You also visited: Ice Cave and Wizlab.

You collected 4026 gold pieces.
You spent 2334 gold pieces at shops.

Inventory:

Hand Weapons
 N - the +1 double sword "Tagiorim" {slice, +Fly rC+ SInv}
   (You found it on level 6 of the Lair of Beasts)

   It inflicts extra damage upon your enemies.
   It protects you from cold.
   It lets you see invisible.
   It lets you fly.
 X - the +4 arc blade (weapon) {discharge, rElec}
   (You bought it in a shop on level 2 of the Orcish Mines)

   It insulates you from electricity.
Armour
 u - the +2 cloak of Parts Unknown (worn) {rCorr}
   (You found it in a wizard's laboratory)

   It protects you from acid and corrosion.
 D - the +0 pair of boots "Cocycigg" (worn) {*Contam *Corrode MR+++ Dex+3}
   (You found it on level 4 of the Lair of Beasts)

   It affects your dexterity (+3).
   It affects your resistance to hostile enchantments.
   It causes magical contamination when unequipped.
   It may corrode you when you take damage.
 E - a +2 robe of the Archmagi (worn)
 H - the +4 pair of gloves of Altruism (worn) {Slay+3}
   (You found it on level 1 of the Depths)

   It affects your accuracy and damage with ranged weapons and melee attacks
   (+3).
 J - a +1 buckler (worn)
 V - a +0 helmet (worn)
Jewellery
 g - a +5 ring of protection (right hand)
 y - an uncursed ring of poison resistance
 P - the cursed ring "Wuifomos" (left hand) {rF+ rC+++ MR- Str+4 Dex-3}
   (You found it on level 3 of the Depths)

   [ring of dexterity]

   It affects your strength (+4).
   It affects your dexterity (-3).
   It protects you from fire.
   It renders you almost immune to cold.
   It affects your resistance to hostile enchantments.
   It has a curse placed upon it.
Wands
 w - a wand of digging (7/24)
 G - a wand of scattershot (1/9)
 L - a wand of confusion (12/48)
Scrolls
 b - 5 scrolls of blinking
 h - 11 scrolls of identify {@r1}
 j - 11 scrolls of remove curse {@r2}
 l - 10 scrolls of teleportation
 m - 8 scrolls of enchant armour
 o - 4 scrolls of fog
 q - 6 scrolls of recharging
 r - 3 scrolls of immolation
 A - 3 scrolls of magic mapping
 I - a scroll of amnesia
 Q - 4 scrolls of vulnerability
 R - 2 scrolls of holy word
 T - 2 scrolls of summoning
 W - 6 scrolls of fear
Potions
 a - 2 potions of invisibility
 c - 2 potions of cancellation
 i - 3 potions of magic
 k - 4 potions of resistance
 p - 2 potions of agility
 s - 3 potions of flight
 z - 2 potions of mutation
 B - 4 potions of might
 K - 4 potions of haste
 M - 5 potions of curing {@q1}
 S - 6 potions of brilliance
 U - 2 potions of ambrosia
Books
 t - Sif Muna's Tome of Creative Black Rituals
   (Sif Muna gifted it to you on level 3 of the Depths)

   Spells                             Type                      Level
   a - Sublimation of Blood           Necromancy                   2
   b - Shadow Creatures               Summoning                    6
   c - Monstrous Menagerie            Summoning                    7
   d - Summon Hydra                   Summoning                    7
   e - Death's Door                   Charms/Necromancy            8
 v - Sif Muna's Guide on Feathery Evil
   (Sif Muna gifted it to you on level 1 of the Depths)

   Spells                             Type                      Level
   a - Bolt of Draining               Conjuration/Necromancy       5
   b - Silence                        Hexes/Air                    5
   c - Borgnjor's Revivification      Necromancy                   8
   d - Infestation                    Necromancy                   8
 x - a book of Summonings

   Spells                             Type                      Level
   a - Recall                         Summoning/Translocation      3
   b - Aura of Abjuration             Summoning                    5
   c - Summon Demon                   Summoning                    5
   d - Summon Forest                  Summoning/Translocation      5
   e - Summon Mana Viper              Hexes/Summoning              5
   f - Shadow Creatures               Summoning                    6
 C - Sif Muna's Incunabulum of Unstable Necromancy
   (Sif Muna gifted it to you on level 3 of the Vaults)

   Spells                             Type                      Level
   a - Corpse Rot                     Necromancy                   2
   b - Sticks to Snakes               Transmutation                2
   c - Bolt of Draining               Conjuration/Necromancy       5
   d - Agony                          Necromancy                   5
   e - Cigotuvi's Embrace             Necromancy                   5
   f - Borgnjor's Revivification      Necromancy                   8
Miscellaneous
 n - 2 sacks of spiders
 F - a lightning rod (4/4)
 O - a box of beasts
 Z - a fan of gales
Comestibles
 d - 10 bread rations
 e - 15 meat rations
 f - 34 fruits
 Y - a chunk of flesh


   Skills:
 - Level 12.0 Fighting
 + Level 0.6(0.8) Short Blades
 + Level 0.5(0.7) Long Blades
 + Level 4.6 Throwing
 - Level 12.2 Armour
 - Level 12.0 Dodging
 - Level 12.0 Stealth
 + Level 7.2 Shields
 + Level 0.8 Unarmed Combat
 - Level 12.6 Spellcasting
 - Level 12.0 Conjurations
 - Level 12.0 Hexes
 - Level 12.0 Charms
 - Level 12.3 Summonings
 - Level 12.0 Necromancy
 - Level 12.2 Fire Magic
 - Level 12.0 Ice Magic
   Level 4.6 Air Magic
 - Level 12.1 Earth Magic
 - Level 12.4 Invocations
 - Level 12.0 Evocations


You had one spell level left.
You knew the following spells:

 Your Spells              Type           Power        Failure   Level  Hunger
a - Magic Dart            Conj           ####         1%          1    None
b - Iskenderun's Battles  Conj/Chrm      #######.     1%          5    #......
c - Shadow Creatures      Summ           N/A          2%          6    ####...
d - Fulminant Prism       Conj/Hex       #######...   1%          4    None
e - Ozocubu's Armour      Chrm/Ice       #######.     1%          3    None
f - Fireball              Conj/Fire      #######...   1%          5    #......
g - Orb of Destruction    Conj           #######...   16%         7    ######.
h - Bolt of Draining      Conj/Necr      #######...   1%          5    #......
i - Iron Shot             Conj/Erth      #######...   2%          6    ####...
j - Regeneration          Chrm/Necr      #######...   1%          3    None


Dungeon Overview and Level Annotations

Branches:
Dungeon (15/15)            Temple (1/1) D:7            Lair (6/6) D:10
  Swamp (4/4) Lair:3       Spider (1/4) Lair:2        Slime (0/5) Lair:5
    Orc (2/2) D:9             Elf (0/3) Orc:2        Vaults (3/5) D:13
 Depths (4/5) D:15
  Crypt: Vaults:2-3

Altars:
Ashenzari
Cheibriados
Dithmenos
Elyvilon
Fedhas
Gozag
Hepliaklqana
Kikubaaqudgha
Makhleb
Qazlal
Ru
Sif Muna
Trog
Uskayaw
Vehumet
Xom
Zin
The Shining One
Jiyva

Shops:
D:12 *   Orc:2 ([%(   Vaults:1 }   Vaults:2 [

Portals:
Hell: Lair:6 Depths:1 Depths:2 Depths:3
Abyss: Depths:2 Depths:3
Pandemonium: Depths:2 Depths:3
Trove: D:14 (give 13 potions of heal wounds)

Annotations:
D:9 1 exclusion
D:15 1 exclusion
Lair:5 1 runed door
Vaults:3 Mennas
Depths:3 exclusion: orange crystal statue


Innate Abilities, Weirdness & Mutations

You are partially covered in large bone plates. (SH +4)


Message History

* * * LOW HITPOINT WARNING * * *
The spark wasp shocks you. You resist.
* * * LOW HITPOINT WARNING * * *
Your deep troll bites the polar bear!!
Your deep troll claws the polar bear!
Your deep troll claws the polar bear.
The spark wasp stings your stone giant. The spark wasp shocks your stone giant!
The spark wasp misses you.
You swap places.
The polar bear bites your deep troll earth mage.
The polar bear claws your deep troll earth mage but does no damage. x2
Your deep troll earth mage bites the spark wasp!
Your deep troll earth mage claws the spark wasp but does no damage.
Your deep troll earth mage claws the spark wasp!
The spark wasp stings you!!
* * * LOW HITPOINT WARNING * * *
The spark wasp shocks you. You resist.
* * * LOW HITPOINT WARNING * * *
The spark wasp stings you.
* * * LOW HITPOINT WARNING * * *
The spark wasp shocks you. You resist.
You die...

###### #..##...... .....##
###........#
......#####.........#
......##..###...##### ##
..[[.......#....## ###.#
.......#.......#.####...##
.................##.#....#
#y...........[.yyy§§....##
#..............T@C≈§§.§..##
..............Th≈§≈§≈......#
..........###..i≈§§≈≈.....##
.≈.≈..........#iY(.≈...####
.§§≈≈≈........##...(....####
..≈.≈§§....................######
....§§§§........................|
$....§...............#.#...#####.
...≈§≈≈..............####..#


You could see a death yak (berserk), 3 spark wasps, a spriggan rider, a spriggan
berserker, a polar bear (berserk), a friendly stone giant, a friendly deep troll
and a friendly deep troll earth mage.

Vanquished Creatures
  Mara (Depths:1)
  Frederick (Depths:3)
  Boris (Depths:3)
  Saint Roka (Vaults:3)
  2 golden dragons (Depths:2)
  Nikola (Spider:1)
  A Tzitzimitl (Depths:3)
  Jorgrun (Vaults:2)
  2 liches (Depths:1)
  An eldritch tentacle (WizLab)
  2 storm dragons
  4 thorn hunters
  A tentacled starspawn (WizLab)
  2 sphinxes
  A tengu reaver (Depths:3)
  5 fire giants
  2 frost giants (Depths:2)
  An iron dragon (Depths:2)
  A cacodemon (Depths:2)
  4 vault wardens
  A deep elf sorcerer (Vaults:2)
  2 orc warlords (Orc:2)
  12 ironheart preservers
  21 very ugly things
  4 vampire knights
  A deep elf demonologist (Depths:1)
  A deep elf annihilator (Vaults:2)
  Nessos (Lair:5)
  3 entropy weavers (Spider:1)
  12 stone giants
  4 spark wasps
  7 ettins
  Snorg (D:11)
  5 fire dragons
  5 yaktaur captains
  Josephine (Lair:5)
  9 rakshasas
  12 great orbs of eyes
  A great orb of eyes (shapeshifter) (Vaults:2)
  7 vault guards
  4 ice dragons (Depths:1)
  A ghost crab (Swamp:4)
  The ghost of DogShitOnMyToe the Carver, a journeyman DsVM of Makhleb (D:11)
  31 hydras
  3 spriggan air magi
  A catoblepas (Lair:6)
  11 centaur warriors
  44 two-headed ogres
  6 tengu warriors
  A death yak (shapeshifter) (Depths:3)
  10 alligators
  7 deep troll shamans
  11 ogre magi
  3 spriggan berserkers
  9 deep troll earth magi
  5 orc high priests (Orc:2)
  4 death yaks (Lair:5)
  2 vampire magi (Depths:2)
  18 hell knights
  A soul eater (Depths:3)
  5 iron trolls (Depths:2)
  A sun demon (Depths:2)
  4 deep elf knights
  A sixfirhy (Lair:6)
  4 shadow wraiths
  3 skeletal warriors
  2 unseen horrors
  3 spriggan druids
  2 storm dragon skeletons (Vaults:2)
  10 glowing orange brains
  14 swamp dragons
  31 deep trolls
  7 flayed ghosts
  5 ironbrand convokers
  5 phantasmal warriors
  Pikel (D:5)
  3 shambling mangroves
  5 harpies (Vaults:3)
  5 deep elf archers
  A sphinx zombie (Depths:1)
  A swamp dragon (shapeshifter) (Vaults:3)
  An orange crystal statue (Depths:3)
  An obsidian statue (WizLab)
  22 orc knights
  6 wizards
  An anaconda skeleton (WizLab)
  2 orb spiders (Spider:1)
  8 cyclopes
  2 mana vipers (Depths:3)
  17 deep elf magi
  8 orc sorcerers
  A wolf spider (shapeshifter) (Depths:2)
  10 wolf spiders
  9 necromancers
  72 ugly things
  3 oklob plants (Lair:4)
  10 elephants
  A guardian serpent (shapeshifter) (Vaults:3)
  An ice statue (IceCv)
  4 manticores
  A guardian serpent (D:15)
  A worldbinder (WizLab)
  Joseph (D:7)
  9 vault sentinels
  A smoke demon (Lair:6)
  A fire giant skeleton (Depths:1)
  A gargoyle (D:10)
  3 black mambas
  2 centaur skeletons
  An orange demon (Lair:6)
  Psyche (D:9)
  14 spiny frogs
  5 spectral swamp worms (Depths:1)
  12 freezing wraiths
  10 komodo dragons
  2 kobold demonologists (D:14)
  A yaktaur (shapeshifter) (D:13)
  46 yaktaurs
  A komodo dragon (shapeshifter) (D:13)
  9 rime drakes
  2 yaktaur zombies
  An ice devil (Lair:6)
  3 spriggan zombies
  2 yaktaur skeletons
  A hellwing (WizLab)
  5 demonic crawlers
  3 tengu conjurers
  4 red devils
  2 spectral merfolk (Depths:3)
  A queen bee (shapeshifter) (D:13)
  15 trolls
  10 jumping spiders (Spider:1)
  A polar bear (Lair:2)
  12 tyrant leeches
  30 hornets
  Grinder (D:6)
  10 bog bodies
  A dream sheep (shapeshifter) (D:15)
  36 blink frogs
  2 raiju (Depths:3)
  An ettin zombie (Depths:1)
  12 hippogriffs
  An ice dragon skeleton (WizLab)
  32 slime creatures
  5 air elementals
  A spriggan (shapeshifter) (Depths:2)
  30 spriggans
  8 shadows
  3 wyverns
  A wyvern (shapeshifter) (D:13)
  Sigmund (D:3)
  6 vampires
  20 redbacks
  10 tarantellas (Spider:1)
  A water elemental (Depths:3)
  56 yaks
  6 basilisks
  A human (D:7)
  17 wraiths
  4 hogs (D:7)
  A fire elemental (WizLab)
  2 hungry ghosts
  A steam dragon (D:9)
  A chaos spawn (Depths:2)
  13 wargs
  11 vampire mosquitoes
  A neqoxec (Depths:2)
  2 spatial vortices (WizLab)
  24 insubstantial wisps
  A death yak simulacrum (IceCv)
  Edmund (D:6)
  An acid dragon (Vaults:2)
  A hydra simulacrum (Depths:3)
  19 swamp worms
  2 soldier ants
  Duvessa (D:5)
  A floating eye (Depths:3)
  14 hell hounds
  6 spectral spriggans (Depths:3)
  11 swamp drakes
  10 porcupines
  21 water moccasins
  7 ice beasts
  A spectral troll (Depths:3)
  2 slaves (D:5)
  65 orc warriors
  6 phantoms
  An eye of draining (D:10)
  An elephant zombie (Lair:4)
  An ettin simulacrum (Vaults:2)
  16 boggarts
  40 ogres
  3 sky beasts
  20 wolves
  2 necrophages
  10 centaurs
  14 crocodiles
  4 big kobolds
  26 bullfrogs
  Blork the orc (D:5)
  A komodo dragon zombie (Lair:4)
  A wyvern zombie (D:15)
  A human skeleton (Vaults:2)
  A merfolk simulacrum (Depths:3)
  Dowan (D:5)
  A water moccasin zombie (D:9)
  5 scorpions
  A water moccasin skeleton (D:7)
  A wyvern skeleton (D:12)
  A spectral naga (Depths:3)
  A swamp dragon simulacrum (IceCv)
  2 troll zombies (D:9)
  A spectral ogre (Depths:3)
  13 killer bees
  13 wights
  8 electric eels
  A spectral centaur (Depths:3)
  3 howler monkeys
  10 crimson imps
  5 draconian simulacra (IceCv)
  2 quasits
  2 bullfrog zombies
  7 centaur zombies
  A jelly (shapeshifter) (Depths:1)
  35 orc wizards
  A gnoll shaman (D:6)
  A human simulacrum (Vaults:2)
  44 orc priests
  2 basilisk zombies (Lair:4)
  10 hounds
  2 jellies
  Crazy Yiuf (D:5)
  3 bullfrog skeletons
  Jessica (D:3)
  4 iguanas
  Ijyb (D:5)
  Natasha (twice) (D:2)
  A spriggan simulacrum (IceCv)
  12 worker ants
  2 polar bear simulacra (IceCv)
  8 troll simulacra (IceCv)
  4 ogre zombies (D:9)
  A centaur simulacrum (IceCv)
  A hound skeleton (D:7)
  A worker ant zombie (D:9)
  4 gnolls
  A howler monkey skeleton (D:10)
  9 adders
  4 ogre simulacra (IceCv)
  A naga simulacrum (IceCv)
  3 shadow imps
  24 white imps
  2 adder skeletons
  An adder zombie (D:5)
  10 worms
  3 dart slugs
  7 leopard geckos
  126 orcs
  5 giant cockroaches
  2 goblins (D:2)
  8 hobgoblins
  12 jackals
  4 quokkas
  4 ball pythons
  7 bats
  5 frilled lizards
  3 goblin skeletons (D:9)
  3 goblin zombies (D:9)
  A hobgoblin skeleton (D:9)
  2 hobgoblin zombies (D:9)
  29 kobolds
  4 leopard gecko skeletons
  An orc skeleton (D:9)
  9 orc zombies (D:9)
  A quokka skeleton (D:5)
  8 rats
  A fulminant prism (D:8)
  4 fungi
  18 plants
2001 creatures vanquished.

Vanquished Creatures (collateral kills)
  Aizul (Depths:3)
  A spriggan defender (Depths:4)
  A war gargoyle (Depths:3)
  A very ugly thing (Depths:3)
  A stone giant (Depths:3)
  An eidolon (Depths:3)
  A great orb of eyes (Depths:3)
  2 dancing weapons (Depths:3)
  A tengu warrior (Depths:3)
  2 spriggan berserkers
  A mana viper (Depths:3)
  An ugly thing (Depths:3)
  An anaconda simulacrum (Depths:3)
  A tengu conjurer (Depths:3)
  5 slime creatures (Depths:3)
  2 water elementals (Depths:3)
  A wraith (Depths:3)
  A snapping turtle zombie (Depths:3)
  A spectral ogre (Depths:3)
  A wight (Depths:3)
27 creatures vanquished.

Vanquished Creatures (others)
  An ettin (Vaults:3)
  3 spiny frogs
  A hippogriff (Lair:6)
  A slave (D:5)
  A wolf (Lair:3)
  A centaur (D:12)
  A spectral ogre (Depths:3)
  A worker ant (D:5)
  2 orcs
  3 bushes
  631 fulminant prisms
  18 fungi
  36 plants
  2 starspawn tentacles (WizLab)
  2 withered plants (D:15)
704 creatures vanquished.

Grand Total: 2732 creatures vanquished

Notes
Turn   | Place    | Note
-------+----------+-------------------------------------------
     0 | D:1      | kuniqs the Deep Elf Conjurer began the quest for the Orb.
     0 | D:1      | Reached XP level 1. HP: 10/10 MP: 6/6
   256 | D:1      | Reached XP level 2. HP: 15/15 MP: 4/8
   775 | D:1      | Learned a level 2 spell: Searing Ray
   947 | D:2      | Reached XP level 3. HP: 19/19 MP: 5/10
  1343 | D:2      | Reached skill level 5 in Conjurations
  1498 | D:2      | Reached XP level 4. HP: 24/24 MP: 2/11
  1605 | D:2      | Noticed Natasha
  1607 | D:2      | Killed Natasha
  1930 | D:2      | Noticed Natasha
  1934 | D:2      | Killed Natasha
  1996 | D:3      | Found a faded altar of an unknown god.
  2077 | D:3      | Learned a level 3 spell: Dazzling Spray
  2082 | D:3      | Learned a level 4 spell: Fulminant Prism
  2504 | D:3      | Reached XP level 5. HP: 28/28 MP: 8/13
  2682 | D:3      | Noticed Jessica
  2684 | D:3      | Killed Jessica
  2686 | D:3      | Noticed Sigmund
  2702 | D:3      | Killed Sigmund
  2702 | D:3      | Reached XP level 6. HP: 32/32 MP: 0/15
  3176 | D:4      | Reached skill level 5 in Spellcasting
  3433 | D:4      | Reached skill level 5 in Stealth
  3936 | D:5      | Entered Level 5 of the Dungeon
  3940 | D:5      | Reached XP level 7. HP: 36/36 MP: 11/17
  4137 | D:5      | Reached skill level 5 in Dodging
  4172 | D:5      | Reached skill level 1 in Evocations
  4218 | D:5      | Noticed Ijyb
  4448 | D:5      | Noticed Blork the orc
  4454 | D:5      | Killed Blork the orc
  4458 | D:5      | Found a snail-covered altar of Cheibriados.
  4645 | D:5      | Reached XP level 8. HP: 32/41 MP: 14/19
  4716 | D:5      | Killed Ijyb
  5214 | D:5      | Noticed Duvessa
  5238 | D:5      | Noticed Dowan
  5238 | D:5      | Killed Duvessa
  5243 | D:5      | Killed Dowan
  5579 | D:5      | Found a runed door.
  5673 | D:5      | Noticed Pikel
  5681 | D:5      | Killed Pikel
  5681 | D:5      | Reached skill level 5 in Hexes
  5764 | D:5      | Found a bloodstained altar of Trog.
  5966 | D:5      | Noticed Crazy Yiuf
  5973 | D:5      | Killed Crazy Yiuf
  6262 | D:6      | Noticed Grinder
  6263 | D:6      | Noticed Edmund
  6288 | D:6      | Killed Edmund
  6288 | D:6      | Reached XP level 9. HP: 31/45 MP: 11/22
  6333 | D:6      | Killed Grinder
  6443 | D:6      | Reached skill level 1 in Shields
  6674 | D:6      | Found an ancient bone altar of Kikubaaqudgha.
  7391 | D:7      | Noticed Joseph
  7404 | D:7      | Killed Joseph
  7505 | D:7      | Found a shattered altar of Ashenzari.
  7818 | D:7      | Found a staircase to the Ecumenical Temple.
  7825 | Temple   | Entered the Ecumenical Temple
  7864 | Temple   | Became a worshipper of Sif Muna the Loreminder
  7954 | D:7      | Reached skill level 5 in Evocations
  7954 | D:7      | Reached XP level 10. HP: 50/50 MP: 16/24
  7963 | D:7      | Reached skill level 1 in Invocations
  8408 | D:8      | Noticed a two-headed ogre
  8414 | D:8      | Killed a two-headed ogre
  8889 | D:9      | Reached * piety under Sif Muna
  8893 | D:9      | Found a staircase to the Orcish Mines.
  8941 | D:9      | Noticed Psyche
  8961 | D:9      | Killed Psyche
  9407 | D:9      | Noticed a two-headed ogre
  9416 | D:9      | Killed a two-headed ogre
  9636 | D:9      | Reached XP level 11. HP: 54/54 MP: 5/26
  9726 | D:9      | Got a brightly glowing ruby amulet
  9728 | D:9      | Identified the amulet of Zemieff {Faith +Inv MR- Int+3} (You took it off a crimson imp on level 9 of the Dungeon)
 10247 | D:9      | Found a radiant altar of Vehumet.
 10252 | D:9      | Found a glowing golden altar of the Shining One.
 10282 | D:9      | Noticed a two-headed ogre
 10292 | D:9      | Killed a two-headed ogre
 10608 | D:9      | Reached ** piety under Sif Muna
 11031 | D:10     | Entered Level 10 of the Dungeon
 11805 | D:10     | Found a staircase to the Lair.
 12181 | D:10     | Noticed a two-headed ogre
 12188 | D:10     | Killed a two-headed ogre
 12604 | D:11     | Reached skill level 10 in Spellcasting
 12613 | D:11     | Noticed DogShitOnMyToe's ghost (journeyman DsVM)
 12720 | D:10     | Reached *** piety under Sif Muna
 12720 | D:10     | Reached skill level 1 in Armour
 12943 | D:11     | Noticed a white ugly thing
 12952 | D:11     | Killed a white ugly thing
 12952 | D:11     | Reached skill level 10 in Stealth
 12958 | D:11     | Noticed a green ugly thing
 13023 | Lair:1   | Entered Level 1 of the Lair of Beasts
 13218 | Lair:1   | Learned a level 3 spell: Ozocubu's Armour
 13280 | Lair:1   | Reached skill level 5 in Invocations
 13306 | Lair:1   | Reached XP level 12. HP: 39/59 MP: 13/28
 13309 | Lair:1   | Reached skill level 1 in Charms
 14121 | Lair:1   | Reached skill level 1 in Ice Magic
 14817 | Lair:2   | Reached skill level 5 in Shields
 15190 | Lair:2   | Reached skill level 10 in Conjurations
 15598 | Lair:2   | Found a hole to the Spider Nest.
 16007 | Lair:3   | Reached skill level 10 in Hexes
 16008 | Lair:3   | Reached **** piety under Sif Muna
 16397 | Lair:3   | Found a staircase to the Swamp.
 17160 | Lair:4   | Noticed a five-headed hydra
 17180 | Lair:4   | Killed a five-headed hydra
 17180 | Lair:4   | Reached skill level 10 in Dodging
 17365 | Lair:4   | Identified the cursed +0 mace of Womatod {drain, rN+} (You found it on level 4 of the Lair of Beasts)
 17410 | Lair:4   | Reached XP level 13. HP: 63/63 MP: 18/29
 17801 | Lair:4   | Reached skill level 5 in Charms
 17861 | Lair:4   | Identified the +0 pair of boots "Cocycigg" {*Contam *Corrode MR+++ Dex+3} (You found it on level 4 of the Lair of Beasts)
 18225 | Lair:4   | Reached skill level 1 in Fighting
 18416 | Lair:4   | Identified the cursed +0 spear "Voeript" {pierce, Dex+5} (You found it on level 4 of the Lair of Beasts)
 19036 | Lair:5   | Noticed Josephine
 19045 | Lair:5   | Killed Josephine
 19747 | Lair:5   | Found a runed door.
 19747 | Lair:5   | Found a viscous altar of Jiyva.
 19821 | Lair:5   | Found a staircase to the Slime Pits.
 19821 | Lair:5   | Noticed an acid blob
 20544 | Lair:5   | Reached ***** piety under Sif Muna
 20647 | Lair:5   | Identified Vutug's Guide on Aerial Damage Dealing (Sif Muna gifted it to you on level 5 of the Lair of Beasts)
 20647 | Lair:5   | Received a gift from Sif Muna
 20659 | Lair:5   | Reached skill level 5 in Ice Magic
 20788 | Lair:5   | Learned a level 5 spell: Fireball
 20802 | Lair:5   | Learned a level 7 spell: Orb of Destruction
 21016 | Lair:5   | Reached XP level 14. HP: 72/72 MP: 18/31
 21449 | Lair:6   | Entered Level 6 of the Lair of Beasts
 21675 | Lair:6   | Reached skill level 1 in Fire Magic
 21756 | Lair:5   | Noticed Nessos
 21766 | Lair:5   | Killed Nessos
 23397 | Lair:6   | HP: 3/72 [hippogriff (8)]
 23426 | Lair:6   | HP: 1/72 [elephant (13)]
 23866 | Lair:6   | Identified Sif Muna's Handbook of Boosts and Lightness (Sif Muna gifted it to you on level 6 of the Lair of Beasts)
 23866 | Lair:6   | Received a gift from Sif Muna
 23872 | Lair:6   | Learned a level 2 spell: Swiftness
 24456 | Lair:6   | Found a burning altar of Makhleb.
 24461 | Lair:6   | Found a gateway to Hell.
 24479 | Lair:6   | Got a dazzling double sword
 24681 | Lair:6   | Identified the +1 double sword "Tagiorim" {slice, +Fly rC+ SInv} (You found it on level 6 of the Lair of Beasts)
 25070 | Orc:1    | Entered Level 1 of the Orcish Mines
 25344 | Orc:2    | Entered Level 2 of the Orcish Mines
 25714 | Orc:2    | Found a frozen archway.
 25725 | IceCv    | Entered an ice cave
 26860 | IceCv    | Found an ancient bone altar of Kikubaaqudgha.
 26973 | IceCv    | Reached XP level 15. HP: 78/78 MP: 4/33
 27889 | Orc:1    | Noticed an orc warlord
 28041 | Orc:2    | Killed an orc warlord
 28142 | Orc:1    | Found a radiant altar of Vehumet.
 28823 | Orc:2    | Found a staircase to the Elven Halls.
 29527 | Orc:2    | Identified Sif Muna's Catalogue of Arcane Weapons (Sif Muna gifted it to you on level 2 of the Orcish Mines)
 29527 | Orc:2    | Received a gift from Sif Muna
 29550 | Orc:2    | Learned a level 6 spell: Iron Shot
 30299 | Orc:2    | Reached skill level 5 in Armour
 30433 | Orc:2    | Reached skill level 1 in Earth Magic
 31067 | Orc:2    | Found Daklel's Weapon Shoppe.
 31067 | Orc:2    | Found Xegini's Antique Weapon Shoppe.
 31068 | Orc:2    | Found Fomenla's Food Shoppe.
 31068 | Orc:2    | Found Jeofrog's Armour Emporium.
 31084 | Orc:2    | Bought a brightly glowing morningstar for 234 gold pieces
 31098 | Orc:2    | Bought the +4 arc blade {discharge, rElec} for 840 gold pieces
 31327 | Orc:2    | Noticed an orc warlord
 31363 | Orc:2    | Killed an orc warlord
 31475 | D:11     | Noticed Snorg
 31481 | D:11     | Killed Snorg
 31745 | D:11     | Killed DogShitOnMyToe's ghost
 31745 | D:11     | Reached skill level 10 in Evocations
 32167 | D:11     | Identified the Disquisition on the Dusty Arsonist
 32181 | D:11     | Learned a level 3 spell: Regeneration
 32630 | D:12     | Found Bara Mokenu's General Store.
 33275 | D:12     | Reached skill level 1 in Necromancy
 33483 | D:12     | Identified Sif Muna's Tome of Ice and Stolen Souls (Sif Muna gifted it to you on level 12 of the Dungeon)
 33483 | D:12     | Received a gift from Sif Muna
 33495 | D:12     | Learned a level 6 spell: Bolt of Cold
 33572 | D:12     | Identified the +0 morningstar of Corruption {freeze, rElec} (You bought it in a shop on level 2 of the Orcish Mines)
 33703 | D:12     | Reached skill level 10 in Charms
 34206 | D:13     | Reached skill level 5 in Fire Magic
 34850 | D:13     | Found a gate to the Vaults.
 35138 | D:14     | Reached XP level 16. HP: 74/86 MP: 17/34
 35384 | D:14     | Found a portal to a secret trove of treasure.
 36335 | D:15     | Entered Level 15 of the Dungeon
 36911 | D:15     | Found a staircase to the Depths.
 37828 | D:15     | Reached skill level 5 in Fighting
 38154 | D:15     | Identified Sif Muna's Collected Works on Harmful Contamination (Sif Muna gifted it to you on level 15 of the Dungeon)
 38154 | D:15     | Received a gift from Sif Muna
 38439 | D:15     | Found a shadowy altar of Dithmenos.
 38654 | Swamp:1  | Entered Level 1 of the Swamp
 39499 | Swamp:1  | Reached skill level 5 in Earth Magic
 39984 | Swamp:1  | Reached skill level 10 in Ice Magic
 40797 | Swamp:2  | Noticed a thorn hunter
 40801 | Swamp:2  | Killed a thorn hunter
 40801 | Swamp:2  | Reached skill level 5 in Necromancy
 41078 | Swamp:2  | Noticed a thorn hunter
 41082 | Swamp:2  | Killed a thorn hunter
 41289 | Swamp:2  | Reached skill level 10 in Invocations
 42801 | Swamp:3  | Reached XP level 17. HP: 92/92 MP: 26/35
 43730 | Swamp:3  | Identified Kaefos's Reference Book on Helpful Snow (Sif Muna gifted it to you on level 3 of the Swamp)
 43730 | Swamp:3  | Received a gift from Sif Muna
 43740 | Swamp:3  | Learned a level 5 spell: Iskenderun's Battlesphere
 44313 | Swamp:4  | Entered Level 4 of the Swamp
 45467 | Swamp:4  | Got a decaying rune of Zot
 46617 | Spider:1 | Entered Level 1 of the Spider Nest
 47920 | Spider:1 | Noticed Nikola
 47945 | Spider:1 | Killed Nikola
 48311 | Spider:1 | Reached XP level 18. HP: 92/100 MP: 13/36
 48494 | Spider:1 | Got a pair of brightly glowing gloves
 48526 | Spider:1 | Got a heavy robe
 48542 | Lair:2   | Identified the +2 pair of gloves "Kyedwoel" {+Fly rCorr Int-4} (You took it off Nikola on level 1 of the Spider Nest)
 48563 | Lair:2   | Identified the +0 robe of Follow the Leader {rF+ rCorr Dex+4} (You took it off an entropy weaver on level 1 of the Spider Nest)
 48990 | Vaults:1 | Entered Level 1 of the Vaults
 49487 | Vaults:1 | Identified Sif Muna's Papyrus of Execration (Sif Muna gifted it to you on level 1 of the Vaults)
 49487 | Vaults:1 | Received a gift from Sif Muna
 50264 | Vaults:1 | Learned a level 4 spell: Cause Fear
 52276 | Vaults:1 | Found Rudoesum's Gadget Shoppe.
 52897 | Vaults:2 | Found a magical portal.
 52906 | WizLab   | Entered The Roulette of Golubria
 52906 | WizLab   | Found a transporter.
 52909 | WizLab   | Found a corrupted altar of Lugonu.
 52974 | WizLab   | Found a transporter.
 53011 | WizLab   | Found a corrupted altar of Lugonu.
 53015 | WizLab   | Found a transporter.
 53103 | WizLab   | Found a transporter.
 53105 | WizLab   | Found a corrupted altar of Lugonu.
 53155 | WizLab   | Found a transporter.
 53158 | WizLab   | Found a transporter.
 53160 | WizLab   | Noticed a tentacled monstrosity
 53449 | WizLab   | Found a transporter.
 53449 | WizLab   | Found a transporter.
 53490 | WizLab   | Identified Sif Muna's Second Course in Theurgy (Sif Muna gifted it to you in a wizard's laboratory)
 53490 | WizLab   | Received a gift from Sif Muna
 53552 | WizLab   | Found a transporter.
 53552 | WizLab   | Found a transporter.
 53647 | WizLab   | Found a transporter.
 53671 | WizLab   | Found a transporter.
 53676 | WizLab   | Identified the +2 cloak of Parts Unknown {rCorr} (You found it in a wizard's laboratory)
 53691 | WizLab   | Identified the cursed -7 cloak of Vampiric Thralls {*Contam rC+ rN++ SInv} (You found it in a wizard's laboratory)
 54354 | Vaults:2 | Found Omikh's Antique Armour Boutique.
 54439 | Vaults:2 | Bought a twisted robe for 188 gold pieces
 54439 | Vaults:2 | Bought a pair of runed gloves for 247 gold pieces
 54467 | Vaults:2 | Noticed Jorgrun
 54479 | Vaults:2 | Killed Jorgrun
 54479 | Vaults:2 | Reached skill level 10 in Fire Magic
 54479 | Vaults:2 | Reached XP level 19. HP: 85/107 MP: 23/37
 55717 | Vaults:2 | Reached skill level 10 in Necromancy
 56724 | Vaults:2 | Reached skill level 10 in Earth Magic
 57495 | Vaults:3 | Identified Sif Muna's Incunabulum of Unstable Necromancy (Sif Muna gifted it to you on level 3 of the Vaults)
 57495 | Vaults:3 | Received a gift from Sif Muna
 58023 | Vaults:3 | Identified the cursed +1 robe of Orthodoxy {-Tele MR++ Regen+ Dex+4} (You bought it in a shop on level 2 of the Vaults)
 60107 | Vaults:3 | Noticed Saint Roka
 60187 | Vaults:3 | Killed Saint Roka
 60609 | Vaults:3 | Reached XP level 20. HP: 94/116 MP: 38/38
 60966 | Vaults:3 | Found a gateway to a bazaar.
 60975 | Bazaar   | Entered a bazaar
 60979 | Bazaar   | Found Dumaeck's Assorted Antiques.
 60997 | Bazaar   | Found Ypiptel's Weapon Emporium.
 61014 | Bazaar   | Found Piodgh's Jewellery Boutique.
 61031 | Bazaar   | Found Weophahi's Antique Armour Shoppe.
 61068 | Bazaar   | Bought a +5 ring of protection for 825 gold pieces
 61316 | Vaults:3 | Noticed Mennas
 61478 | Depths:1 | Entered Level 1 of the Depths
 62204 | Depths:1 | Reached skill level 10 in Armour
 62455 | Depths:1 | Identified Sif Muna's Guide on Igneous Augmentations (Sif Muna gifted it to you on level 1 of the Depths)
 62455 | Depths:1 | Received a gift from Sif Muna
 62716 | Depths:1 | Noticed Mara
 63154 | Depths:1 | Killed Mara
 63900 | Depths:1 | Reached skill level 1 in Air Magic
 64077 | Depths:1 | Reached skill level 10 in Fighting
 64333 | Depths:1 | Identified the +7 lajatang "Ecuraar" {freeze, rF- MP+9 Str+4} (You took it off a centaur warrior on level 1 of the Depths)
 67008 | Depths:1 | Identified Sif Muna's Guide on Feathery Evil (Sif Muna gifted it to you on level 1 of the Depths)
 67008 | Depths:1 | Received a gift from Sif Muna
 67017 | Depths:1 | Learned a level 5 spell: Bolt of Draining
 67227 | Depths:1 | Identified the +4 pair of gloves of Altruism {Slay+3} (You found it on level 1 of the Depths)
 67679 | Depths:2 | Reached XP level 21. HP: 124/124 MP: 22/39
 68252 | Depths:2 | Found a one-way gate leading to the halls of Pandemonium.
 68353 | Depths:2 | Gained mutation: You are partially covered in large bone plates. (SH +4) [a cacodemon]
 68528 | Depths:2 | Identified the +1 whip of the Eggplant {slash, +Inv Str+4 Dex+6 Stlth-} (You found it on level 2 of the Depths)
 69719 | Depths:2 | Noticed a golden dragon
 70588 | Depths:2 | Noticed a golden dragon
 71238 | Depths:2 | Reached skill level 1 in Throwing
 71385 | Depths:2 | Killed a golden dragon
 71783 | Depths:2 | Killed a golden dragon
 72466 | Depths:2 | Found a one-way gate to the infinite horrors of the Abyss.
 72711 | Depths:2 | Learned a level 6 spell: Shadow Creatures
 72734 | Depths:2 | Reached skill level 1 in Summonings
 74017 | Depths:2 | Reached skill level 5 in Summonings
 74106 | Depths:3 | Identified Sif Muna's Tome of Creative Black Rituals (Sif Muna gifted it to you on level 3 of the Depths)
 74106 | Depths:3 | Received a gift from Sif Muna
 74934 | Depths:3 | Reached XP level 22. HP: 132/132 MP: 20/40
 75260 | Depths:3 | Noticed Boris
 75264 | Depths:3 | Killed Boris
 75603 | Depths:4 | Noticed Frederick
 75765 | Depths:3 | Killed Frederick
 76115 | Depths:3 | Got a brightly glowing brass ring
 76116 | Depths:3 | Identified the cursed ring "Wuifomos" {rF+ rC+++ MR- Str+4 Dex-3} (You found it on level 3 of the Depths)
 76479 | Depths:3 | Identified Cuipnege's Tome of Dark Rituals and Bewitchment (Sif Muna gifted it to you on level 3 of the Depths)
 76479 | Depths:3 | Received a gift from Sif Muna
 76860 | Depths:3 | Reached skill level 10 in Summonings
 78354 | Depths:3 | Noticed Aizul
 78360 | Depths:3 | Killed Aizul
 78930 | Depths:4 | HP: 3/132 [spark wasp (4)]
 78930 | Depths:4 | HP: 1/132 [spark wasp (2)]
 78930 | Depths:4 | Slain by a spark wasp

Skill      XL: |  1  2  3  4  5  6  7  8  9 10 11 12 13 14 15 16 17 18 19 20 21 22 |
---------------+-------------------------------------------------------------------+-----
Stealth        | 3 4 5 6 8 9 10 11 12 | 12.0
Dodging        | 3 4 5 6 7 8 9 10 11 12 | 12.0
Conjurations   | 5 6 7 8 9 10 11 12 | 12.0
Spellcasting   | 4 5 6 7 8 9 10 11 12 | 12.6
Hexes          | 2 3 4 5 7 8 9 10 11 12 | 12.0
Evocations     | 2 4 5 6 7 8 9 10 11 12 | 12.0
Shields        | 2 3 4 5 7 |  7.2
Invocations    | 3 5 6 7 8 9 10 11 12 | 12.4
Armour         | 1 2 3 4 5 6 7 8 9 11 12 | 12.2
Charms         | 4 7 8 10 11 12 | 12.0
Ice Magic      | 3 5 6 8 10 12 | 12.0
Fighting       | 2 3 4 5 6 7 9 10 12 | 12.0
Fire Magic     | 3 5 7 8 10 11 12 | 12.2
Earth Magic    | 3 5 7 9 10 12 | 12.1
Necromancy     | 1 5 7 9 11 12 | 12.0
Air Magic      | 4 |  4.6
Throwing       | 4 |  4.6
Summonings     | 6 12 | 12.3
Short Blades   | |  0.6
Long Blades    | |  0.5
Unarmed Combat | |  0.8

Action                   |  1- 3 |  4- 6 |  7- 9 | 10-12 | 13-15 | 16-18 | 19-21 | 22-24 || total
-------------------------+-------+-------+-------+-------+-------+-------+-------+-------++-------
Melee: Dagger            |       |    12 |    11 |       |       |       |       |       ||    23
       Rapier            |       |       |    76 |   254 |    77 |       |       |    55 ||   462
       Spear             |       |       |       |       |     5 |       |       |       ||     5
       Double sword      |       |       |       |       |   128 |   186 |   190 |    66 ||   570
 Cast: Magic Dart        |    68 |    98 |    91 |   135 |   117 |   759 |   510 |    60 ||  1838
       Searing Ray       |     1 |     8 |    43 |   105 |   103 |    44 |       |       ||   304
       Dazzling Spray    |       |     2 |       |       |    20 |       |       |       ||    22
       Fulminant Prism   |       |       |    20 |   114 |   267 |   100 |   111 |    21 ||   633
       Ozocubu's Armour  |       |       |       |     3 |    15 |    35 |    22 |    13 ||    88
       Fireball          |       |       |       |       |   199 |   218 |    69 |       ||   486
       Bolt of Cold      |       |       |       |       |    17 |     1 |       |       ||    18
       Regeneration      |       |       |       |       |     2 |    20 |    20 |     3 ||    45
       Orb of Destructio |       |       |       |       |     1 |    13 |    39 |    29 ||    82
       Iskenderun's Batt |       |       |       |       |       |   141 |   100 |    14 ||   255
       Iron Shot         |       |       |       |       |       |    21 |   154 |    17 ||   192
       Bolt of Draining  |       |       |       |       |       |       |   214 |    34 ||   248
       Swiftness         |       |       |       |       |       |       |     1 |       ||     1
       Shadow Creatures  |       |       |       |       |       |       |     2 |    26 ||    28
Invok: Divine Energy     |       |       |       |     1 |     1 |       |       |       ||     2
       Stop Divine Energ |       |       |       |     1 |       |       |       |       ||     1
       Channel Magic     |       |       |       |       |       |     3 |     2 |     1 ||     6
       Forget Spell      |       |       |       |       |       |     1 |       |       ||     1
 Abil: Evoke Invisibilit |       |       |       |     2 |       |       |       |       ||     2
Evoke: Wand              |       |       |       |       |     1 |     2 |    12 |     1 ||    16
       Fan of gales      |       |       |       |       |       |     1 |       |       ||     1
  Use: Scroll            |       |       |       |    20 |    15 |    17 |    14 |     1 ||    67
       Potion            |       |       |       |     6 |     3 |     1 |     4 |     2 ||    16
 Stab: Invisible         |       |     1 |       |     2 |       |       |       |       ||     3
       Distracted        |       |       |     1 |     1 |     1 |     1 |       |       ||     4
       Sleeping          |       |       |     1 |     2 |     2 |       |       |       ||     5
  Eat: Chunk             |     2 |     7 |    12 |    34 |    55 |    55 |    77 |    14 ||   256
       Royal jelly       |       |       |     1 |       |     9 |     9 |     1 |       ||    20
       Bread ration      |       |       |       |       |       |     2 |     8 |     3 ||    13
       Fruit             |       |       |       |       |       |     2 |     2 |     5 ||     9
       Meat ration       |       |       |       |       |       |     1 |       |       ||     1
Armor: Robe              |     1 |     7 |    60 |   133 |   142 |   184 |   151 |    68 ||   746
Dodge: Dodged            |     4 |    23 |   132 |   358 |   541 |   655 |   478 |   150 ||  2341
Block: Buckler           |       |       |    18 |   125 |   203 |   253 |   266 |   110 ||   975
       Rpst.: Double sword |       |       |       |       |    66 |   142 |    96 |    19 ||   323
